 Dungeon Crawl Stone Soup version 0.20.1-1-g8b1a95d (webtiles) character file.

2820 HammerPanzer the Basher (level 9, -7/127 HPs)
             Began as a Minotaur Berserker on Nov 10, 2017.
             Was an Elder of Trog.
             Mangled by a death yak (16 damage)
             ... on level 8 of the Dungeon.
             The game lasted 00:20:09 (7099 turns).

HammerPanzer the Basher (Minotaur Berserker)        Turns: 7099, Time: 00:20:10

Health: -7/127     AC: 18    Str: 27    XL:     9   Next: 45%
Magic:  8/8        EV:  7    Int:  6    God:    Trog [****..]
Gold:   309        SH:  0    Dex: 11    Spells: 8/8 levels left

rFire    . . .     SeeInvis .   w - +2 mace (protect)
rCold    + . .     Gourm    .   (no shield)
rNeg     + . .     Faith    .   v - +1 plate armour
rPois    .         Spirit   .   (helmet restricted)
rElec    .         Reflect  .   (no cloak)
rCorr    .         Harm     .   (no gloves)
MR       .....                  (no boots)
Stlth    ..........             (no amulet)
Regen    0.4/turn               x - ring of positive energy
MPRegen  0.2/turn               y - ring of protection from cold

@: berserking, protection aura, drained, very quick
A: retaliatory headbutt, horns 2
a: Berserk, Trog's Hand, Brothers in Arms, Burn Spellbooks, Renounce Religion


You were on level 8 of the Dungeon.
You worshipped Trog.
Trog was greatly pleased with you.
You were near starving.

You visited 1 branch of the dungeon, and saw 8 of its levels.
You also visited: Ossuary.

You collected 309 gold pieces.

Inventory:

Hand Weapons
 w - a +2 mace of protection (weapon)
Armour
 v - a +1 plate armour (worn)
Jewellery
 j - an uncursed ring of flight
 x - a ring of positive energy (left hand)
 y - a ring of protection from cold (right hand)
Wands
 i - a wand of acid (4/15)
 k - a wand of confusion (33/48)
 t - a wand of paralysis (24/24)
Scrolls
 a - a scroll of enchant armour
 d - 6 scrolls of remove curse
 e - 2 scrolls of identify
 o - a scroll of fear
 C - a scroll of fog
 E - a scroll of recharging
 F - a scroll of noise {unknown}
Potions
 b - a potion of haste
 l - 2 potions of brilliance
 n - 2 potions of agility
 q - a potion of might
 r - 4 potions of curing
 s - a potion of flight
 u - 5 potions of heal wounds
 z - a potion of mutation
 A - 2 potions of magic
 B - 2 potions of cancellation
 D - a potion of ambrosia {unknown}
Comestibles
 c - 10 bread rations
 g - 6 royal jellies
 h - 4 meat rations
 m - 3 chunks of flesh
 p - 3 fruits


   Skills:
 + Level 9.7(9.2) Fighting
 * Level 12.8(12.3) Maces & Flails
 - Level 2.4(2.0) Armour
 - Level 2.1(1.8) Dodging


You had 8 spell levels left.
You didn't know any spells.

Dungeon Overview and Level Annotations

Branches:
Dungeon (8/15)             Temple (0/1) D:4            Lair (0/6) D:8

Altars:
Gozag
Hepliaklqana
Kikubaaqudgha
Okawaru
Qazlal
Uskayaw
Vehumet
Xom
The Shining One

Annotations:
D:5 exclusion: statue
D:8 Joseph


Innate Abilities, Weirdness & Mutations

You reflexively headbutt those who attack you in melee.
You have a pair of horns on your head.


Message History

You sock the death yak!
Your weapon exudes an aura of protection.
The death yak is lightly wounded.
The death yak gores you!
* * * LOW HITPOINT WARNING * * *
You sock the death yak!
The death yak is moderately wounded.
You hit the death yak.
The death yak is heavily wounded.
You hit the death yak. You headbutt the death yak!!
The death yak is severely wounded.
The death yak gores you!
* * * LOW HITPOINT WARNING * * *
Your plate armour prevents you from hitting the death yak.
The death yak is severely wounded.
The jackal pauses to sniff the ground.
You hit the death yak but do no damage.
The death yak is severely wounded.
The death yak gores you!
You die...

....... ...# .#.#
...Y.. ...#####+#
#.#
....Y####......#.#
#.#
>...l..........#.#
#
..#..#.........#.#
.#....r.Y......#.#
...............#.#
.†#....###l..###.#
.......# #.Y.# #@#
.......# #...# #Y#
.......# #..(# #h#
.......# #..r###h#
...[...# #..hh..r#
.......# #...h####
######## #....#
........
.......(##


You could see a death yak, 2 jackals and a rat.

Vanquished Creatures
  Grinder (D:5)
  A hippogriff (D:7)
  Sigmund (D:4)
  An ice beast (D:7)
  A hornet zombie (D:5)
  6 ogres
  Blork the orc (D:6)
  2 bullfrogs
  2 elf zombies (Ossuary)
  A scorpion (D:6)
  4 howler monkeys
  2 crimson imps
  3 hounds
  3 orc wizards
  An orc priest (D:7)
  5 bullfrog skeletons
  A gnoll shaman (D:5)
  2 centaur skeletons (D:6)
  An iguana (D:6)
  3 worker ants
  3 hell rats (D:8)
  2 hound zombies
  4 mummies (Ossuary)
  A howler monkey skeleton (D:8)
  10 adders
  6 gnolls (D:5)
  2 shadow imps (D:5)
  2 oozes
  2 adder skeletons
  An adder zombie (Ossuary)
  A worm (D:6)
  5 dart slugs
  2 leopard geckos
  30 orcs
  6 ball pythons
  2 giant cockroaches
  A gnoll zombie (Ossuary)
  7 goblins
  4 hobgoblins
  4 jackals
  2 quokkas
  6 bats
  3 frilled lizards
  A goblin zombie (Ossuary)
  A hobgoblin zombie (Ossuary)
  A jackal zombie (Ossuary)
  5 kobolds
  2 kobold zombies (Ossuary)
  3 rats (D:1)
  2 rat zombies (Ossuary)
163 creatures vanquished.

Notes
Turn   | Place    | Note
-------+----------+-------------------------------------------
     0 | D:1      | HammerPanzer the Minotaur Berserker began the quest for the Orb.
     0 | D:1      | Reached XP level 1. HP: 19/19 MP: 0/0
   100 | D:1      | Reached skill level 4 in Maces & Flails
   321 | D:1      | Reached XP level 2. HP: 26/27 MP: 1/1
   408 | D:1      | Found a glowing golden altar of the Shining One.
   965 | D:2      | Reached ** piety under Trog
   965 | D:2      | Reached XP level 3. HP: 33/33 MP: 2/2
  1069 | D:2      | Reached skill level 5 in Maces & Flails
  1577 | D:2      | Reached XP level 4. HP: 34/41 MP: 3/3
  2349 | D:3      | Found a hide-covered altar of Uskayaw.
  2349 | D:3      | Noticed a dagger
  2350 | D:3      | Noticed an enchanted dagger
  2390 | D:3      | Noticed a bullfrog
  2396 | D:3      | Killed a bullfrog
  2396 | D:3      | Reached skill level 5 in Fighting
  2396 | D:3      | Reached skill level 6 in Maces & Flails
  2396 | D:3      | Reached XP level 5. HP: 48/48 MP: 4/4
  2411 | D:3      | Found a faded altar of an unknown god.
  2736 | D:4      | Found a staircase to the Ecumenical Temple.
  2880 | D:4      | Noticed an ogre
  2884 | D:4      | Killed an ogre
  2884 | D:4      | Reached skill level 7 in Maces & Flails
  2884 | D:4      | Reached XP level 6. HP: 57/57 MP: 5/5
  2970 | D:4      | Found an iron altar of Okawaru.
  2976 | D:4      | Noticed Sigmund
  2985 | D:4      | Killed Sigmund
  2985 | D:4      | Reached skill level 8 in Maces & Flails
  2985 | D:4      | Reached XP level 7. HP: 63/63 MP: 6/6
  3164 | D:5      | Entered Level 5 of the Dungeon
  3194 | D:5      | Reached *** piety under Trog
  3234 | D:5      | Found a hazy altar of Hepliaklqana.
  3513 | D:5      | Reached skill level 9 in Maces & Flails
  3673 | D:5      | Noticed Grinder
  3684 | D:5      | Killed Grinder
  3854 | D:5      | Reached XP level 8. HP: 73/73 MP: 7/7
  4053 | D:5      | Reached skill level 10 in Maces & Flails
  4140 | D:5      | Found a radiant altar of Vehumet.
  4561 | D:6      | Noticed Blork the orc
  4573 | D:6      | Killed Blork the orc
  4575 | D:6      | Reached **** piety under Trog
  4677 | D:6      | Found an opulent altar of Gozag.
  4703 | D:6      | Found a sand-covered staircase.
  4708 | Ossuary  | Entered an ossuary
  4732 | Ossuary  | Reached skill level 11 in Maces & Flails
  5750 | D:6      | Reached XP level 9. HP: 79/82 MP: 8/8
  5829 | D:7      | Found a shimmering altar of Xom.
  5831 | D:7      | Found a stormy altar of Qazlal.
  5831 | D:7      | Found a hazy altar of Hepliaklqana.
  5833 | D:7      | Found a shimmering altar of Xom.
  5833 | D:7      | Found a radiant altar of Vehumet.
  5833 | D:7      | Found an ancient bone altar of Kikubaaqudgha.
  5838 | D:7      | Reached skill level 12 in Maces & Flails
  7035 | D:8      | Noticed a death yak
  7036 | D:8      | Noticed a death yak
  7039 | D:8      | Noticed a death yak
  7041 | D:8      | Found a staircase to the Lair.
  7081 | D:8      | Noticed Joseph
  7099 | D:8      | Mangled by a death yak

Skill      XL: |  1  2  3  4  5  6  7  8  9 |
---------------+----------------------------+-----
Maces & Flails | 4 5 6 7 8 9 11 12 | 12.8
Fighting       | 4 5 6 7 8 9 |  9.7
Armour         | |  2.4
Dodging        | |  2.1

Action                   |  1- 3 |  4- 6 |  7- 9 || total
-------------------------+-------+-------+-------++-------
Melee: Mace              |    68 |    75 |   300 ||   443
       Headbutt          |     7 |    17 |    55 ||    79
Invok: Berserk           |     1 |     2 |     9 ||    12
       Trog's Hand       |       |     1 |       ||     1
       Burn Spellbooks   |       |       |     2 ||     2
  Use: Scroll            |       |    13 |     9 ||    22
  Eat: Chunk             |     3 |     5 |    21 ||    29
Armor: Animal skin       |    11 |     4 |       ||    15
       Plate armour      |       |    26 |   190 ||   216
Dodge: Dodged            |    45 |    30 |    91 ||   166
